 Dungeon Crawl Stone Soup version 0.21-a0-442-g848f44b3bc (webtiles) character file.

1646 Weeeee the Covert (level 8, 0/37 HPs)
             Began as a Spriggan Enchanter on Nov 18, 2017.
             Was a Follower of Dithmenos.
             Shot with an arrow by a centaur (12 damage)
             ... on level 7 of the Dungeon.
             The game lasted 00:22:47 (8913 turns).

Weeeee the Covert (Spriggan Enchanter)              Turns: 8913, Time: 00:22:47

Health: 0/37       AC:  4    Str:  5    XL:     8   Next: 67%
Magic:  2/17       EV: 20    Int: 17    God:    Dithmenos [*.....]
Gold:   302        SH:  0    Dex: 22    Spells: 6/18 levels left

rFire    . . .     SeeInvis +   a - +2 dagger
rCold    + . .     Gourm    .   (shield restricted)
rNeg     . . .     Faith    .   b - +2 robe
rPois    .         Spirit   .   (helmet restricted)
rElec    .         Reflect  .   (no cloak)
rCorr    .         Harm     .   (gloves unavailable)
MR       +....                  (boots unavailable)
Stlth    +++++++...             m - amulet of rage
HPRegen  0.12/turn              f - +5 ring of dexterity
MPRegen  0.15/turn              u - ring of protection from cold

@: wreathed by umbra, very quick
A: unfitting armour, talons 1, see invisible, herbivore 3, speed 3, slow
metabolism 2, subdued magic 1
a: Renounce Religion, Evoke Berserk Rage


You were on level 7 of the Dungeon.
You worshipped Dithmenos.
Dithmenos was aware of your devotion.
You were not hungry.

You visited 2 branches of the dungeon, and saw 8 of its levels.

You collected 302 gold pieces.

Inventory:

Hand Weapons
 a - a +2 dagger (weapon)
 l - a +0 dagger of speed
 s - a +0 dagger of venom
 w - the +4 dagger "Okehaeg" {pierce, *Noise +Fly MR+ Stlth+}
   (You found it on level 4 of the Dungeon)

   It inflicts extra damage upon your enemies.
   It affects your resistance to hostile enchantments.
   It lets you fly.
   It may make noises in combat.
   It makes you more stealthy.
Armour
 b - a +2 robe (worn)
Jewellery
 f - a +5 ring of dexterity (left hand)
 m - an amulet of rage (around neck)
 u - a ring of protection from cold (right hand)
Wands
 o - a wand of lightning (9/15)
 x - a wand of polymorph (12/24)
Scrolls
 e - 3 scrolls of remove curse
 n - 2 scrolls of amnesia
 p - 2 scrolls of teleportation
 r - 3 scrolls of enchant armour
Potions
 g - 3 potions of agility
 h - a potion of curing
 j - a potion of brilliance
 k - a potion of haste
 v - a potion of cancellation
 z - 2 potions of lignification
Comestibles
 d - 6 bread rations
 q - a royal jelly


   Skills:
 + Level 0.6 Fighting
 + Level 1.7 Short Blades
 + Level 3.5 Dodging
 + Level 13.7 Stealth
 + Level 5.8 Spellcasting
 + Level 6.3 Hexes


You had 6 spell levels left.
You knew the following spells:

 Your Spells              Type           Power        Failure   Level  Hunger
a - Ensorcelled Hibernat  Hex/Ice        ##....       4%          2    None
b - Corona                Hex            ###....      1%          1    None
c - Confuse               Hex            ###.....     1%          3    ##.....
d - Tukima's Dance        Hex            ###.....     1%          3    ##.....
e - Dazzling Spray        Conj/Hex       ##....       9%          3    ##.....


Dungeon Overview and Level Annotations

Branches:
Dungeon (7/15)             Temple (1/1) D:5

Altars:
Ashenzari
Cheibriados
Dithmenos
Elyvilon
Fedhas
Gozag
Hepliaklqana
Kikubaaqudgha
Makhleb
Nemelex Xobeh
Okawaru
Qazlal
Ru
Sif Muna
Trog
Uskayaw
Vehumet
Wu Jian
Xom
Yredelemnul
Zin
The Shining One

Shops:
D:4 %   D:6 (

Annotations:
D:4 exclusion: oklob plant


Innate Abilities, Weirdness & Mutations

You are very small and have problems with some larger weapons.
You are too small for most types of armour.
You have supernaturally acute eyesight. (SInv)
You are a herbivore.
You cover ground extremely quickly.
You need consume almost no food.
You have sharp toenails.
Your spells are a little easier to cast, but a little less powerful.


Message History

The orc dies!
Dithmenos accepts your kill.
The orc wizard barely misses your sky beast.
The centaur shoots an arrow.
The arrow misses your sky beast. The arrow hits you!
The orc wizard points at you and mumbles some strange words.
The magic dart hits your sky beast.
The bullfrog barely misses your sky beast.
The centaur shoots an arrow.
The arrow hits the orc wizard!
The orc wizard hits your sky beast with a dagger.
The bullfrog misses your sky beast.
The centaur shoots an arrow.
The arrow hits the orc wizard!
The orc wizard dies!
The bullfrog closely misses your sky beast.
The centaur shoots an arrow.
The arrow misses your sky beast. The arrow misses you.
The bullfrog closely misses your sky beast.
The centaur shoots an arrow.
The arrow barely misses your sky beast. The arrow hits you!
You die...

.. ... #.........#
....#.##.## .
...).....
......#.##.#
#.$.......#
#.....(..######
#..##Z#c)Y@..(# .#
#...lo#(F####.#
#.#####.##.#..####
..................#
.......###.###.##.#
##.#..<###.# #...
c. .........#.#
###....#
#.#....#.#.# ....F
#......#.#.# ...#


You could see a bullfrog, a centaur and a friendly sky beast (invisible).

Vanquished Creatures
  An ice beast (D:6)
  2 orc warriors
  An ogre (D:7)
  A centaur (D:4)
  3 bullfrogs (D:6)
  3 killer bees (D:7)
  A howler monkey (D:6)
  A centaur zombie (D:6)
  A crimson imp (D:7)
  A bullfrog zombie (D:5)
  4 hounds
  A centaur skeleton (D:7)
  3 orc priests
  3 bullfrog skeletons
  An iguana (D:5)
  2 orc wizards
  4 worker ants
  A hound zombie (D:6)
  7 adders
  3 oozes
  4 worms (D:2)
  4 leopard geckos
  18 orcs
  6 giant cockroaches
  10 goblins
  4 hobgoblins
  13 jackals
  6 kobolds
  4 quokkas
  A ball python (D:4)
  7 bats
  4 frilled lizards
  A jackal zombie (D:5)
  A leopard gecko skeleton (D:5)
  A leopard gecko zombie (D:5)
  9 rats
137 creatures vanquished.

Vanquished Creatures (collateral kills)
  An orc priest (D:6)
  2 orc wizards (D:6)
  Terence (D:2)
  6 orcs
  A goblin (D:3)
  A hobgoblin (D:1)
12 creatures vanquished.

Vanquished Creatures (others)
  3 dancing weapons
  An orc wizard (D:7)
4 creatures vanquished.

Grand Total: 153 creatures vanquished

Notes
Turn   | Place    | Note
-------+----------+-------------------------------------------
     0 | D:1      | Weeeee the Spriggan Enchanter began the quest for the Orb.
     0 | D:1      | Reached XP level 1. HP: 9/9 MP: 5/5
   253 | D:2      | Reached XP level 2. HP: 8/13 MP: 7/7
   257 | D:2      | Learned a level 2 spell: Ensorcelled Hibernation
   560 | D:2      | Noticed Terence
   864 | D:3      | Reached XP level 3. HP: 16/16 MP: 9/9
   873 | D:3      | Learned a level 3 spell: Confuse
   877 | D:3      | Learned a level 3 spell: Tukima's Dance
  1148 | D:3      | Reached XP level 4. HP: 11/21 MP: 1/11
  1327 | D:3      | Reached skill level 5 in Hexes
  1761 | D:2      | Killed Terence
  2332 | D:1      | You fall through a shaft!
  2799 | D:1      | Reached XP level 5. HP: 18/24 MP: 13/13
  3038 | D:2      | Reached skill level 5 in Spellcasting
  4452 | D:4      | Noticed a centaur
  4506 | D:4      | Killed a centaur
  4506 | D:4      | Reached skill level 5 in Stealth
  4506 | D:4      | Reached XP level 6. HP: 15/28 MP: 5/15
  4515 | D:4      | Reached skill level 6 in Stealth
  4807 | D:4      | Got a bloodstained dagger
  4808 | D:4      | Identified the +4 dagger "Okehaeg" {pierce, *Noise +Fly MR+ Stlth+} (You found it on level 4 of the Dungeon)
  4862 | D:4      | Found Vup Wong's Food Shoppe.
  5008 | D:4      | Reached skill level 7 in Stealth
  5126 | D:4      | Gained mutation: Your spells are a little easier to cast, but a little less powerful. [potion of mutation]
  5126 | D:4      | Gained mutation: You have sharp toenails. [potion of mutation]
  5427 | D:4      | Found a blossoming altar of Fedhas.
  5448 | D:4      | Noticed an oklob plant
  5864 | D:5      | Entered Level 5 of the Dungeon
  5864 | D:5      | Found a shimmering altar of Xom.
  5906 | D:5      | Reached skill level 8 in Stealth
  5966 | D:5      | Reached XP level 7. HP: 26/32 MP: 9/16
  6279 | D:5      | Found a staircase to the Ecumenical Temple.
  6287 | Temple   | Entered the Ecumenical Temple
  6295 | Temple   | Became a worshipper of Dithmenos the Shadowed
  6705 | D:5      | Found a radiant altar of Vehumet.
  6705 | D:5      | Found a hide-covered altar of Uskayaw.
  6709 | D:5      | Found a blossoming altar of Fedhas.
  6758 | D:5      | Found a glowing golden altar of the Shining One.
  7189 | D:6      | Reached skill level 9 in Stealth
  7396 | D:6      | Reached skill level 10 in Stealth
  7491 | D:6      | Reached skill level 11 in Stealth
  7505 | D:6      | Learned a level 3 spell: Dazzling Spray
  7657 | D:6      | Reached XP level 8. HP: 11/36 MP: 1/17
  7669 | D:6      | Reached * piety under Dithmenos
  7993 | D:6      | Reached skill level 12 in Stealth
  8230 | D:6      | Found Fughesac's Antique Weapon Emporium.
  8485 | D:7      | Reached skill level 13 in Stealth
  8913 | D:7      | Shot with an arrow by a centaur

Vault maps used:
D:1:      lemuel_arrival_cross, hangedman_decor_push, patterned_corridor
D:2:      uniq_terence
D:3:      minmay_door_path
D:4:      serial_shops, shop_statue, first_bread, tgw_fedhas
D:5:      lemuel_crystal_altar, nicolae_overflow_hidden_temple, temple_doors_e,
          nicolae_tso_swordbearing_angel
D:6:      serial_shops, shop_fountains
D:7:      statuecave_lemuel, the_bakery, eino_curves_03,
          kennysheep_generic_room_6
Temple:   eino_narrow_crystal_temple

Skill      XL: |  1  2  3  4  5  6  7  8 |
---------------+-------------------------+-----
Spellcasting   | 3 4 5 |  5.8
Hexes          | 4 5 6 |  6.3
Stealth        | 5 8 11 13 | 13.7
Fighting       | |  0.6
Short Blades   | |  1.7
Dodging        | |  3.5

Action                   |  1- 3 |  4- 6 |  7- 9 || total
-------------------------+-------+-------+-------++-------
Melee: Dagger            |    31 |   271 |   121 ||   423
       Kick              |       |     9 |    26 ||    35
 Cast: Corona            |     2 |     1 |       ||     3
       Ensorcelled Hiber |    12 |    43 |    33 ||    88
       Tukima's Dance    |       |     7 |     6 ||    13
       Confuse           |       |     4 |     7 ||    11
       Dazzling Spray    |       |       |     2 ||     2
  Use: Scroll            |     3 |    17 |     4 ||    24
       Potion            |       |     5 |     2 ||     7
 Stab: Sleeping          |    12 |    36 |    22 ||    70
       Confused          |       |     4 |     7 ||    11
       Distracted        |       |       |     3 ||     3
  Eat: Royal jelly       |       |     3 |     3 ||     6
Armor: Robe              |     1 |    31 |    20 ||    52
Dodge: Dodged            |    17 |   229 |   137 ||   383

Table legend:
 A = Spawn XP
 B = Non-spawn XP
 C = Spawn XP percentage of total XP
 D = Spawn monster count
 E = Non-spawn monster count
 F = Spawn count percentage of total count
 G = Total turns spent on level
                    A         B        C        D         E        F      G
               +---------+---------+-------+---------+---------+-------+---------
         Total |       0 |    2352 |   0.0 |       0 |     150 |   0.0 |  8913
               +---------+---------+-------+---------+---------+-------+---------
           D:1 |       0 |      38 |   0.0 |       0 |      21 |   0.0 |  1375
           D:2 |       0 |     134 |   0.0 |       0 |      26 |   0.0 |  1631
           D:3 |       0 |     124 |   0.0 |       0 |      28 |   0.0 |  1340
           D:4 |       0 |     387 |   0.0 |       0 |      23 |   0.0 |  1518
           D:5 |       0 |     104 |   0.0 |       0 |      15 |   0.0 |  1103
           D:6 |       0 |     941 |   0.0 |       0 |      25 |   0.0 |  1312
           D:7 |       0 |     624 |   0.0 |       0 |      12 |   0.0 |   432
               +---------+---------+-------+---------+---------+-------+---------
